 Dungeon Crawl Stone Soup version 0.29-a0-330-g52719c12eb (webtiles) character file.

Game seed: 1177696338214430581

4200 Aelig the Thrower (level 10, -5/47 HPs)
             Began as a Kobold Brigand on Apr 24, 2022.
             Was a Follower of Hepliaklqana.
             Slain by Grum
             ... wielding a -2 spear
              (14 damage)
             ... on level 8 of the Dungeon.
             The game lasted 00:34:21 (11565 turns).

Aelig the Thrower (Kobold Brigand)                 Turns: 11565, Time: 00:34:22

Health: -5/47      AC: 13    Str: 11    XL:     10   Next: 54%
Magic:  8/10       EV: 15    Int: 12    God:    Hepliaklqana [*.....]
Gold:   230        SH:  0    Dex: 19    Spells: 9/9 levels left

rFire   . . .      SeeInvis .   b - +0 demon whip (elec)
rCold   + . .      Faith    .   (no shield)
rNeg    . . .      Spirit   .   y - +0 scale mail
rPois   +          Reflect  .   i - +2 hat
rElec   +          Harm     .   c - +0 cloak
rCorr   +          Rampage  .   w - +3 pair of gloves "Sicwiesk" {Drain rElec rPois rCorr}
Will    .....                   (no boots)
Stlth   ++++......              (no amulet)
HPRegen 0.15/turn               s - +4 ring of evasion
MPRegen 0.12/turn               u - ring of protection from cold

@: invisible
A: reduced essence, small, no large weapons, nightstalker 3
a: Renounce Religion, Recall Ancestor, Ancestor Identity


You were on level 8 of the Dungeon.
You worshipped Hepliaklqana.
Hepliaklqana was aware of your devotion.
You visited 2 branches of the dungeon, and saw 9 of its levels.

You collected 513 gold pieces.
You spent 283 gold pieces at shops.

Inventory:

Hand Weapons
 a - a +2 dagger of protection
 b - a +0 demon whip of electrocution (weapon)
Missiles
 d - 35 poisoned darts
 e - 8 curare-tipped darts
 j - 236 stones (quivered)
 m - 5 boomerangs
 x - 3 silver boomerangs
 A - 2 throwing nets
Armour
 c - a +0 cloak (worn)
 i - a +2 hat (worn)
 w - the +3 pair of gloves "Sicwiesk" (worn) {Drain rElec rPois rCorr}
   (You bought it in a shop on level 5 of the Dungeon)

   rElec:     It insulates you from electricity.
   rPois:     It protects you from poison.
   rCorr:     It protects you from acid and corrosion.
   Drain:     It drains your maximum health when unequipped.
 y - a +0 scale mail (worn)
 F - a +4 scale mail
Jewellery
 s - a +4 ring of evasion (left hand)
 u - a ring of protection from cold (right hand)
Wands
 k - a wand of polymorph (11)
Scrolls
 f - 5 scrolls of identify
 h - 2 scrolls of fear
 n - 2 scrolls of immolation
 v - a scroll of blinking {unknown}
 C - 2 scrolls of enchant armour
 D - a scroll of vulnerability {unknown}
 E - 2 scrolls of magic mapping
Potions
 g - 4 potions of curing
 l - a potion of flight
 o - 5 potions of magic
 p - 2 potions of brilliance
 q - a potion of attraction {unknown}
 r - 2 potions of invisibility
 t - a potion of cancellation
 z - a potion of haste
 B - a potion of lignification {unknown}


   Skills:
 - Level 2.1 Fighting
 - Level 9.7 Short Blades
 + Level 4.9 Maces & Flails
 + Level 11.1 Throwing
 - Level 1.2 Dodging
 + Level 9.8 Stealth


You had 9 spell levels left.
You didn't know any spells.
Your spell library contained the following spells:

 Spells                   Type           Power      Damage    Failure   Level
 Foxfire                  Conj/Fire      0%         2x1d4     91%         1
 Sublimation of Blood     Necr           0%         N/A       97%         2
 Wereblood                Tmut           0%         N/A       97%         2
 Conjure Flame            Conj/Fire      0%         6-21      99%         3
 Ignite Poison            Fire/Tmut/Pois 0%         N/A       99%         3
 Inner Flame              Hex/Fire       0%         N/A       99%         3
 Mephitic Cloud           Conj/Pois/Air  0%         N/A       99%         3
 Ozocubu's Armour         Ice            0%         N/A       99%         3
 Flame Wave               Conj/Fire      0%         2d4       100%        4
 Freezing Cloud           Conj/Ice/Air   0%         6-21      100%        5
 Ozocubu's Refrigeration  Ice            0%         4d5       100%        7
 Summon Hydra             Summ           0%         N/A       100%        7


Dungeon Overview and Level Annotations

Branches:
Dungeon (8/15)             Temple (1/1) D:5
   Lair: D:8-11

Altars:
Ashenzari
Cheibriados
Dithmenos
Elyvilon
Hepliaklqana
Kikubaaqudgha
Makhleb
Nemelex Xobeh
Okawaru
Qazlal
Ru
Sif Muna
Trog
Uskayaw
Vehumet
Wu Jian
Xom
Yredelemnul
Zin
The Shining One

Shops:
D:5 *

Annotations:
D:8 Grum


Innate Abilities, Weirdness & Mutations

Your life essence is reduced to manifest your ancestor. (-10% HP)
You are small and have problems with some larger weapons.
You are completely attuned to the shadows.


Message History

Kammani is destroyed!
There is an open door, spattered with blood here.
You see here a +0 shortbow.
You see here a +0 rapier.
You see here a +0 whip.
You see here a +0 dagger.
You start waiting.
Kammani emerges from the mists of memory!
You see here a +0 dagger.
There is an open door here.
You see here a +0 dagger.
You see here a +0 short sword.
You see here a +0 short sword.
You swap places.
There is an open door here.
You see here a +0 dagger.
You see here a +0 rapier.
There is an open door, spattered with blood here.
You see here a +0 shortbow.
Kammani is recalled.
Grum closely misses you. Grum misses you.
You barely miss Grum. Grum barely misses you.
You closely miss Grum. Grum hits you with a -2 spear!
You hit Grum.
Grum is lightly wounded.
You hit Grum but do no damage. Lightning courses through Grum!
Grum is heavily wounded.
Grum hits you with a -2 spear! The water moccasin bites you.
Kammani hits Grum.
You hit Grum.
Grum is severely wounded.
The water moccasin bites you but does no damage.
Grum hits you with a -2 spear!
* * * LOW HITPOINT WARNING * * *
Kammani closely misses Grum.
You fade into invisibility!
The water moccasin bites you but does no damage.
Grum shouts, "Release the hounds!"
Grum hits you with a -2 spear!
You die...

###### ####### .....# #.....#
.....# #.....# .....# #.....#
.....# #.....# ###### #.....#
######
##############..@S.#####.....
............))..Rg.....R.........
##############.....#####.........
###.....##............
#.......##.##......... ##
#......###.##.#.#.+# .#
#......##..........# .#
#......##.#.#.#..#R# .#
#................#.##


You could see the friendly Kammani the ancestor, Grum (can't see you, ally
target) and a water moccasin (can't see you).

Vanquished Creatures
  A two-headed ogre (D:8)
  Prince Ribbit (D:6)
  A wyvern (D:8)
  A steam dragon (D:8)
  Edmund (D:6)
  A warg (D:8)
  A water moccasin (D:7)
  4 black bears
  3 ice beasts
  2 ogres
  3 kobold brigands
  2 phantoms
  2 scorpions (D:4)
  3 wights (D:7)
  3 killer bees (D:7)
  A jelly (D:6)
  A howler monkey (D:4)
  5 hounds
  3 orc priests
  A gnoll shaman (D:7)
  2 iguanas
  Natasha (thrice) (D:3)
  2 orc wizards
  7 adders
  3 gnolls (D:7)
  6 white imps
  2 worms
  4 dart slugs
  30 orcs
  10 ball pythons
  9 endoplasms
  4 giant cockroaches
  7 hobgoblins
  7 jackals
  26 kobolds
  3 quokkas
  5 bats
  4 frilled lizards (D:1)
  4 goblins
  4 rats (D:3)
182 creatures vanquished.

Vanquished Creatures (collateral kills)
  A sky beast (D:7)
  2 centaurs (D:8)
  A kobold brigand (D:8)
  A wight (D:7)
  A killer bee (D:7)
  An orc wizard (D:8)
  An orc (D:8)
  5 kobolds
13 creatures vanquished.

Vanquished Creatures (others)
  An ancestor (D:8)
1 creature vanquished.

Grand Total: 196 creatures vanquished

Notes
Turn   | Place    | Note
-------+----------+-------------------------------------------
     0 | D:1      | Aelig the Kobold Brigand began the quest for the Orb.
     0 | D:1      | Reached XP level 1. HP: 12/12 MP: 1/1
   196 | D:1      | Reached XP level 2. HP: 17/17 MP: 2/2
   401 | D:1      | Reached skill level 3 in Throwing
   699 | D:1      | Reached XP level 3. HP: 18/21 MP: 3/3
  1796 | D:2      | Reached XP level 4. HP: 26/26 MP: 4/4
  1959 | D:2      | Reached skill level 4 in Throwing
  2023 | D:2      | Found a faded altar of an unknown god.
  2477 | D:3      | Noticed Natasha
  2488 | D:3      | Killed Natasha
  2503 | D:3      | Reached XP level 5. HP: 8/30 MP: 5/5
  2610 | D:3      | Noticed Natasha
  2814 | D:3      | Killed Natasha
  2815 | D:3      | Reached skill level 5 in Throwing
  3124 | D:3      | Noticed Natasha
  3132 | D:3      | Killed Natasha
  3133 | D:3      | Reached XP level 6. HP: 35/35 MP: 6/6
  3516 | D:3      | Reached skill level 5 in Short Blades
  3529 | D:3      | Found an iron altar of Okawaru.
  3938 | D:4      | Reached skill level 6 in Throwing
  4506 | D:4      | Reached XP level 7. HP: 27/40 MP: 7/7
  4902 | D:4      | Reached skill level 7 in Throwing
  5203 | D:5      | Entered Level 5 of the Dungeon
  5660 | D:5      | You fall into a shaft and drop 1 floor!
  5893 | D:6      | Noticed Edmund
  6027 | D:6      | Reached XP level 8. HP: 39/44 MP: 8/8
  6125 | D:5      | Reached skill level 8 in Throwing
  7224 | D:5      | Found Busitzof's Assorted Antiques.
  7249 | D:5      | Bought a scroll labelled QEHESUASIAJ for 27 gold pieces
  7249 | D:5      | Bought a pair of translucent gloves for 256 gold pieces
  7249 | D:5      | Identified the +3 pair of gloves "Sicwiesk" {Drain rElec
                  | rPois rCorr} (You bought it in a shop on level 5 of the
                  | Dungeon)
  7346 | D:5      | Found a staircase to the Ecumenical Temple.
  7352 | Temple   | Entered the Ecumenical Temple
  7702 | Temple   | Became a worshipper of Hepliaklqana the Forgotten
  8423 | D:6      | Noticed Prince Ribbit
  8463 | D:6      | Killed Prince Ribbit
  8464 | D:6      | Reached skill level 9 in Throwing
  8464 | D:6      | Reached XP level 9. HP: 37/48 MP: 9/9
  8813 | D:6      | Killed Edmund
  9474 | D:7      | Reached skill level 1 in Maces & Flails
  9691 | D:7      | Reached * piety under Hepliaklqana
 10007 | D:7      | Reached skill level 10 in Throwing
 10159 | D:7      | Reached XP level 10. HP: 23/47 MP: 10/10
 10974 | D:8      | Noticed a two-headed ogre
 11006 | D:8      | Killed a two-headed ogre
 11071 | D:8      | Reached skill level 11 in Throwing
 11462 | D:8      | Noticed Grum
 11565 | D:8      | Slain by Grum

Illustrated notes

Levels and vault maps discovered:
D:1:      nicolae_arrival_washed_ashore, layout_loops_corners,
          minmay_tetromino_t4
D:2:      layout_loops_ring, hellmonk_ecumenical_altar_leap_of_faith
D:3:      layout_rooms, okawaru_metal_pillars_1_2, minivault_24,
          minmay_misc_feat_rows, minmay_misc_feat_more_columns,
          kennysheep_cross_bottleneck, uniq_natasha, uniq_robin
D:4:      layout_basic, minmay_misc_feat_cross, mrwooster_statue_mirror,
          kennysheep_small_spiral
D:5:      layout_loops_ring, lemuel_temple_firewalk_b, kennysheep_small_square
D:6:      layout_gridville, uniq_prince_ribbit1, uniq_edmund
D:7:      layout_cave_pools
D:8:      layout_basic, erik_lair_orcish_takeover, hangedman_decor_points,
          uniq_grum
Temple:   mainiacjoe_temple_circle_huts

Skill      XL: |  1  2  3  4  5  6  7  8  9 10 |
---------------+-------------------------------+-----
Short Blades   | 3 4 5 6 9 |  9.7
Throwing       | 3 4 5 6 7 9 10 11 | 11.1
Maces & Flails | 3 4 |  4.9
Stealth        | 7 9 |  9.8
Fighting       | |  2.1
Dodging        | |  1.2

Action                   |  1- 3 |  4- 6 |  7- 9 | 10-12 || total
-------------------------+-------+-------+-------+-------++-------
Melee: Dagger            |    85 |   185 |   280 |       ||   550
       Unarmed           |       |     4 |       |       ||     4
       Punch             |       |     4 |     6 |     2 ||    12
       Demon whip        |       |       |   120 |    65 ||   185
Throw: Dart              |     2 |    16 |    31 |     4 ||    53
       Stone             |     2 |    37 |    85 |    30 ||   154
       Boomerang         |       |       |     7 |       ||     7
Invok: Ancestor Identity |       |       |     2 |       ||     2
       Recall Ancestor   |       |       |       |     9 ||     9
  Use: Scroll            |     1 |    12 |     3 |       ||    16
       Potion            |       |       |     1 |     1 ||     2
 Stab: Sleeping          |    19 |    11 |    11 |     4 ||    45
       Distracted        |       |     2 |     1 |       ||     3
       Confused          |       |     1 |       |       ||     1
Armor: Robe              |    14 |       |       |       ||    14
       Leather armour    |     1 |    44 |    28 |       ||    73
       Ring mail         |       |       |     4 |       ||     4
       Scale mail        |       |       |    73 |    23 ||    96
Dodge: Dodged            |    41 |   104 |   287 |    48 ||   480

Table legend: (Time is in decaauts)
 A = Elapsed time spent in this place.
 B = Non-inter-level travel time spent in this place.
 C = Inter-level travel time spent in this place.
 D = Time resting spent in this place.
 E = Time spent auto-exploring this place.
 F = Levels seen in this place.
 G = Mean time per level.
                   A        B        C        D        E       F      G
               +--------+--------+--------+--------+--------+-----+--------+
         Total |  11360 |  10851 |    509 |   2423 |   5814 |   9 | 1262.2 |
       Dungeon |  10923 |  10426 |    497 |   2423 |   5415 |   8 | 1365.4 |
        Temple |    436 |    424 |     12 |      0 |    399 |   1 |  436.0 |
               +--------+--------+--------+--------+--------+-----+--------+

Top non-repeatable levels by time:
     D:5: 1924 daAuts
     D:6: 1481 daAuts
     D:4: 1453 daAuts
     D:7: 1439 daAuts
     D:1: 1405 daAuts
     D:3: 1386 daAuts
     D:2: 969 daAuts
     D:8: 863 daAuts
  Temple: 436 daAuts
